 Seeded DCSS version 0.30.1-11-g7821555f0a (webtiles) character file.

Game seed: 6245884229887761738 (custom seed)

112 Psyclone the Conjurer (level 4, 23/24 HPs)
             Began as a Deep Elf Conjurer on Nov 9, 2023.
             Was an Initiate of Gozag.
             Quit the game on level 4 of the Dungeon on Nov 10, 2023.
             The game lasted 00:02:02 (704 turns).

Psyclone the Conjurer (Deep Elf Conjurer)            Turns: 704, Time: 00:02:02

Health: 23/24      AC:  8    Str:  8    XL:     4   Next: 64%
Magic:  8/10       EV: 12    Int: 27    God:    Gozag
Gold:   132        SH:  0    Dex: 12    Spells: 4/9 levels left

rFire   . . .        l - +0 dagger
rCold   . . .        (no shield)
rNeg    . . .        a - +0 robe
rPois   .            e - +2 helmet {Int+3}
rElec   .            (no cloak)
rCorr   .            (no gloves)
SInv    .            (no boots)
Will    .....        c - amulet of magic regeneration
Stlth   ++           (no ring)
HPRegen 0.24/turn    (no ring)
MPRegen 0.52/turn

%: clarity
@: gold aura
A: iridescent scales 1, clarity, shaggy fur 1, strong 1, evolution 1
a: Renounce Religion, Potion Petition, Call Merchant, Bribe Branch


You were on level 4 of the Dungeon.
You worshipped Gozag.
Gozag was aware of your devotion.
You visited 1 branch of the dungeon, and saw 5 of its levels.
You also visited: Sewer.

You collected 132 gold pieces.

Inventory:

Hand Weapons
 l - a +0 dagger (weapon)
Armour
 a - a +0 robe (worn)
 e - a +2 helmet of intelligence (worn)
Jewellery
 c - an amulet of magic regeneration (around neck)
Wands
 m - a wand of mindburst (7)
Scrolls
 f - 2 scrolls of teleportation
 g - a scroll of blinking {unknown}
 h - a scroll of fog {unknown}
 i - 4 scrolls of identify {unknown}
 j - a scroll of silence {unknown}
Potions
 b - a potion of magic
 d - 2 potions of mutation
 k - a potion of curing {unknown}
 n - a potion of berserk rage {unknown}


   Skills:
 - Level 2.4 Dodging
 - Level 2.4 Stealth
 - Level 3.0 Spellcasting
 + Level 6.7 Conjurations


You had 4 spell levels left.
You knew the following spells:

 Your Spells              Type           Power      Damage    Failure   Level
a - Magic Dart            Conj           100%       1d8       1%          1
b - Searing Ray           Conj           80%        2d7       1%          2
c - Passwall              Tmut/Erth      3%         N/A       13%         2

Your spell library contained the following spells:

 Spells                   Type           Power      Damage    Failure   Level
 Dazzling Flash           Conj/Hex       44%        N/A       7%          3
 Stone Arrow              Conj/Erth      44%        3d9       7%          3
 Sandblast                Erth           8%         2d5       9%          1
 Fulminant Prism          Conj/Hex       11%        3d9       22%         4
 Iskenderun's Mystic Bla  Conj/Tloc      22%        2d6       22%         4
 Volatile Blastmotes      Fire/Tloc      8%         2d10      26%         3
 Lee's Rapid Deconstruct  Erth           2%         3d4*      94%         5


Dungeon Overview and Level Annotations

Branches:
Dungeon (5/15) Zot: 26928   Sewer (visited)
 Temple: D:4-7

Altars:
Gozag


Innate Abilities, Weirdness & Mutations

You are partially covered in iridescent scales. (AC +2)
You possess an exceptional clarity of mind.
You are covered in fur. (AC +1)
Your muscles are strong. (Str +4, Int/Dex -1)
You have hidden genetic potential.


Message History

There is a stone staircase leading down here.
Casting: Searing Ray (safe; 1% risk of failure)
Confirm with . or Enter, or press ? or * to list all spells.
Aiming: Searing Ray (safe; 1% risk of failure)
Press: ? - help, Shift-Dir - straight line, f - Ijyb
Aim: Ijyb, wielding a +0 dagger, wearing a +0 leather armour and carrying a wand of mindburst (8) (asleep, 100% to hit)
The searing ray hits Ijyb.
Ijyb is lightly wounded.
Ijyb shouts! (Press . to maintain the ray.)
You now have 8/10 mp.
The searing ray hits Ijyb.
Ijyb is heavily wounded.
The searing ray hits Ijyb.
Ijyb is severely wounded.
Ijyb hits you with a +0 dagger.
You take 2 damage, and have 22/24 hp.
You now have 7/10 mp.
The searing ray hits Ijyb.
Ijyb is almost dead.
You finish channelling your searing ray.
Ijyb zaps a wand.
You barely resist.
Casting: Searing Ray (safe; 1% risk of failure)
Confirm with . or Enter, or press ? or * to list all spells.
Aiming: Searing Ray (safe; 1% risk of failure)
Press: ? - help, Shift-Dir - straight line, f/p - Ijyb
Aim: Ijyb, wielding a +0 dagger, wearing a +0 leather armour and carrying a wand of mindburst (7) (almost dead, 76% to hit)
The searing ray hits Ijyb.
You kill Ijyb! (Press . to maintain the ray.)
You now have 5/10 mp.
You now have 132 gold pieces (gained 6).
m - a wand of mindburst (7);
n - a bubbling coppery potion
Things that are here:
a +0 dagger; a +0 leather armour
There is a stone staircase leading down here.
You start resting.
You feel a genetic drift.
Iridescent scales grow over part of your body.
Unknown command.
Unknown command.
Are you sure you want to abandon this character and quit the game? (Confirm with "yes".)

######### ........# #)##
#.@## #...#
#####...###############
........................
#######.########......##
....$ #......# #....
#......# #....+ #......#
.....# #........


There were no monsters in sight!

Vanquished Creatures
  A sleepcap (D:4)
  A hell rat (Sewer)
  Ijyb (D:4)
  A river rat (Sewer)
  An orc (D:4)
  3 bats
  4 endoplasms
  A hobgoblin (D:4)
  7 quokkas
  4 ball pythons
  A kobold (D:1)
  4 rats
29 creatures vanquished.

Notes
Turn   | Place    | Note
-------+----------+-------------------------------------------
     0 | D:1      | Psyclone the Deep Elf Conjurer began the quest for the Orb.
     0 | D:1      | Reached XP level 1. HP: 10/10 MP: 6/6
    76 | D:1      | Found a faded altar of an unknown god.
    98 | D:1      | Prayed at the altar of an unknown god.
    98 | D:1      | Became a worshipper of Gozag Ym Sagoz the Greedy
   103 | D:1      | Reached XP level 2. HP: 15/15 MP: 6/8
   153 | D:2      | Learned a level 2 spell: Searing Ray
   183 | D:2      | Learned a level 2 spell: Passwall
   210 | D:2      | Reached skill level 5 in Conjurations
   377 | D:3      | Found a glowing drain.
   400 | Sewer    | Entered a sewer
   448 | Sewer    | Reached XP level 3. HP: 19/19 MP: 3/9
   532 | Sewer    | Reached skill level 6 in Conjurations
   574 | Sewer    | Gained mutation: You possess an exceptional clarity of
                  | mind. [potion of mutation]
   574 | Sewer    | Gained mutation: You are robust. (+10% HP) [potion of
                  | mutation]
   574 | Sewer    | Gained mutation: Your flesh is heat resistant. (rF+)
                  | [potion of mutation]
   575 | Sewer    | Lost mutation: You are robust. (+10% HP) [potion of
                  | mutation]
   575 | Sewer    | Lost mutation: Your flesh is heat resistant. (rF+) [potion
                  | of mutation]
   575 | Sewer    | Gained mutation: You are covered in fur. (AC +1) [potion of
                  | mutation]
   575 | Sewer    | Gained mutation: You have hidden genetic potential. [potion
                  | of mutation]
   575 | Sewer    | Gained mutation: Your muscles are strong. (Str +4, Int/Dex
                  | -1) [potion of mutation]
   631 | D:5      | Entered Level 5 of the Dungeon
   672 | D:4      | Reached XP level 4. HP: 24/24 MP: 6/10
   694 | D:4      | Noticed Ijyb
   699 | D:4      | Killed Ijyb
   703 | D:4      | Gained mutation: You are partially covered in iridescent
                  | scales. (AC +2) [hidden potential]
   704 | D:4      | Quit the game

Illustrated notes

Levels and vault maps discovered:
D:1:      dpeg_arrival_arbitrary_a, layout_rooms,
          shapermc_ecumenical_altar_mp_highgroup, hangedman_abyss_or_decor_stabs
D:2:      layout_loops_cross, uniq_natasha
D:3:      layout_basic, nicolae_hepliaklqana_hazy_memory,
          nicolae_elyvilon_temple_path, mainiacjoe_overflow_small_starburst,
          gup_sewer_entry_pipe, dreamdust_princess_bridge, st_stairs_12,
          uniq_terence
D:4:      layout_basic, temple_pool_b, grunt_ministairs_10, uniq_ijyb
D:5:      layout_layer_cave, uniq_prince_ribbit1

Skill      XL: |  1  2  3 |
---------------+----------+-----
Conjurations   | 5 6 |  6.7
Dodging        | |  2.4
Stealth        | |  2.4
Spellcasting   | |  3.0

Action                     |  1- 3 |  4- 6 || total
---------------------------+-------+-------++-------
  Melee: Unarmed           |     1 |       ||     1
   Cast: Magic Dart        |    30 |       ||    30
         Passwall          |     5 |       ||     5
         Searing Ray       |     4 |     2 ||     6
    Use: Scroll            |     1 |       ||     1
         Potion            |     2 |       ||     2
 Armour: Robe              |     1 |       ||     1
  Dodge: Dodged            |     2 |       ||     2
